 Dungeon Crawl Stone Soup version 0.28.0-47-ge53b351184 (webtiles) character file.

Game seed: 16305801360283598792

123 nickcage the Conjurer (level 4, -1/24 HPs)
             Began as a Deep Elf Conjurer on May 10, 2022.
             Slain by Edmund
             ... wielding a +5 vorpal flail
              (9 damage)
             ... on level 4 of the Dungeon.
             The game lasted 00:05:08 (3061 turns).

nickcage the Conjurer (Deep Elf Conjurer)           Turns: 3061, Time: 00:05:09

Health: -1/24      AC:  3    Str:  4    XL:     4   Next: 80%
Magic:  0/11       EV: 12    Int: 25    God:
Gold:   130        SH:  0    Dex: 13    Spells: 3/10 levels left

rFire   . . .      SeeInvis .   q - +1 dagger (drain)
rCold   . . .      Faith    .   (no shield)
rNeg    . . .      Spirit   .   a - +0 robe
rPois   .          Reflect  .   (no helmet)
rElec   .          Harm     .   (no cloak)
rCorr   .          Rampage  .   (no gloves)
Will    .....                   j - +0 pair of boots {Stlth+}
Stlth   +++.......              (no amulet)
HPRegen 0.08/turn               (no ring)
MPRegen 0.12/turn               (no ring)

@: no status effects
A: no striking features
a: no special abilities


You were on level 4 of the Dungeon.
You visited 1 branch of the dungeon, and saw 4 of its levels.

You collected 130 gold pieces.

Inventory:

Hand Weapons
 b - a +0 short sword
 o - a +0 rapier
 q - a +1 dagger of draining (weapon)
Armour
 a - a +0 robe (worn)
 j - a +0 pair of boots of stealth (worn)
Jewellery
 i - a +6 ring of dexterity
 m - an amulet of guardian spirit
Wands
 k - a wand of digging (6)
Scrolls
 c - a scroll of identify {unknown}
 d - a scroll of magic mapping {unknown}
 e - 4 scrolls of enchant weapon {unknown}
 f - a scroll of noise {unknown}
 h - 2 scrolls of enchant armour {unknown}
 n - 2 scrolls of fear {unknown}
Potions
 g - a potion of haste {unknown}
 l - a potion of curing {unknown}
 p - a potion of brilliance {unknown}


   Skills:
 - Level 2.4 Dodging
 - Level 2.4 Stealth
 + Level 3.7 Spellcasting
 * Level 6.5 Conjurations


You had 3 spell levels left.
You knew the following spells:

 Your Spells              Type           Power      Damage    Failure   Level
a - Magic Dart            Conj           100%       1d8       1%          1
b - Searing Ray           Conj           74%        2d7       1%          2
c - Fulminant Prism       Conj/Hex       10%        3d9       24%         4

Your spell library contained the following spells:

 Spells                   Type           Power      Damage    Failure   Level
 Dazzling Flash           Conj/Hex       42%        N/A       8%          3
 Iskenderun's Mystic Bla  Conj/Tloc      21%        2d6       24%         4


Dungeon Overview and Level Annotations

Branches:
Dungeon (4/15)
 Temple: D:4-7

Altars:
Hepliaklqana

Annotations:
D:4 Edmund


Message History

You finish channelling your searing ray.
An adder comes into view.
Edmund says, "People think my brother is the best.
I think he's crazy."
Edmund barely misses you. Edmund barely misses you.
Casting: Searing Ray (safe; 1% risk of failure)
Confirm with . or Enter, or press ? or * to list all spells.
Aiming: Searing Ray (safe; 1% risk of failure)
Press: ? - help, Shift-Dir - straight line, f/p - Edmund
Aim: Edmund, wielding a +5 vorpal flail and wearing a +0 leather armour (moderately wounded, 81% to hit)
The searing ray hits Edmund!
Edmund is heavily wounded.
The searing ray hits the adder!
The adder is almost dead. (Press . to maintain the ray.) Edmund closely misses you.
The searing ray misses Edmund.
The searing ray hits the adder!
You kill the adder!
Edmund hits you with a +5 vorpal flail!
Ouch! That really hurt!
The searing ray hits Edmund!
Edmund is heavily wounded.
Edmund drinks a potion.
Edmund is healed!
The searing ray hits Edmund!
Edmund is moderately wounded.
You finish channelling your searing ray.
Edmund closely misses you.
Casting: Searing Ray (safe; 1% risk of failure)
Confirm with . or Enter, or press ? or * to list all spells.
Aiming: Searing Ray (safe; 1% risk of failure)
Press: ? - help, Shift-Dir - straight line, f/p - Edmund
Aim: Edmund, wielding a +5 vorpal flail and wearing a +0 leather armour (moderately wounded, 81% to hit)
The searing ray hits Edmund!
Edmund is heavily wounded. (Press . to maintain the ray.) Edmund misses you.
You hit Edmund but do no damage. You punch Edmund.
Edmund is heavily wounded.
Edmund hits you with a +5 vorpal flail!
You die...

###
#@#
#@#
#.#
#.#
#.#
...
...
...


You could see Edmund.

Vanquished Creatures
  5 adders
  2 worms (D:2)
  A dart slug (D:3)
  An orc (D:3)
  5 ball pythons
  6 bats
  7 endoplasms
  2 giant cockroaches (D:3)
  4 hobgoblins
  8 jackals
  5 kobolds
  2 quokkas (D:2)
  4 frilled lizards
  7 goblins
  5 rats
  A spectral hobgoblin (D:3)
65 creatures vanquished.

Vanquished Creatures (others)
  2 plants (D:3)
2 creatures vanquished.

Grand Total: 67 creatures vanquished

Notes
Turn   | Place    | Note
-------+----------+-------------------------------------------
     0 | D:1      | nickcage the Deep Elf Conjurer began the quest for the Orb.
     0 | D:1      | Reached XP level 1. HP: 10/10 MP: 6/6
   218 | D:1      | Reached XP level 2. HP: 15/15 MP: 6/8
   253 | D:1      | Learned a level 2 spell: Searing Ray
   356 | D:1      | Reached skill level 5 in Conjurations
  1091 | D:2      | Reached XP level 3. HP: 19/19 MP: 5/9
  1616 | D:2      | Reached skill level 6 in Conjurations
  1770 | D:2      | Reached XP level 4. HP: 16/24 MP: 2/11
  2071 | D:2      | Learned a level 4 spell: Fulminant Prism
  2808 | D:3      | Found a hazy altar of Hepliaklqana.
  3050 | D:4      | Noticed Edmund
  3061 | D:4      | Slain by Edmund

Illustrated notes

Levels and vault maps discovered:
D:1:      dpeg_arrival_rhombi, layout_basic, minmay_pentomino_z2
D:2:      layout_basic, minmay_fractal_squares_gapless_5
D:3:      layout_rooms, nicolae_hepliaklqana_monster_ancestors,
          kennysheep_flooded_box, hangedman_decor_points, chequers_big_river,
          minivault_27, kennysheep_generic_room_10
D:4:      layout_basic, mainiacjoe_overflow_brackets, serial_shops,
          nicolae_shop_temple_entry_statues_fountains, uniq_blork_the_orc,
          uniq_edmund

Skill      XL: |  1  2  3 |
---------------+----------+-----
Conjurations   | 5 6 |  6.5
Dodging        | |  2.4
Stealth        | |  2.4
Spellcasting   | |  3.7

Action                   |  1- 3 |  4- 6 || total
-------------------------+-------+-------++-------
Melee: Dagger            |       |     1 ||     1
       Punch             |       |     1 ||     1
 Cast: Magic Dart        |    81 |    41 ||   122
       Searing Ray       |       |     3 ||     3
Armor: Robe              |     1 |       ||     1
Dodge: Dodged            |     3 |     6 ||     9
